 Dungeon Crawl Stone Soup version 0.18-a0-1466-g2490093 (webtiles) character file.

41 Bubs the Charmwright (level 3, 0/28 HPs)
             Began as a Merfolk Skald on Mar 1, 2016.
             Succumbed to an adder's poison
             ... on level 1 of the Dungeon.
             The game lasted 00:03:03 (746 turns).

Bubs the Charmwright (Merfolk Skald)                 Turns: 746, Time: 00:03:04

Health: 0/28       AC:  5    Str: 12    XL:     3   Next: 52%
Magic:  5/6        EV: 11    Int: 12    God:
Gold:   28         SH:  0    Dex: 15    Spells: 3 memorised, 1 level left

rFire  . . .     SeeInvis .     a - +0 falchion
rCold  . . .     Gourm    .     i - +0 ring mail
rNeg   . . .     Faith    .     (no shield)
rPois  .         Spirit   .     (no helmet)
rElec  .         Dismiss  .     (no cloak)
rCorr  .         Reflect  .     (no gloves)
SustAt .         Harm     .     (no boots)
MR     .....                    (no amulet)
Stlth  +.........               (no ring)
                                b - +2 ring of dexterity

@: lethally poisoned (0 -> -3), not resistant to hostile enchantments, very
unstealthy
A: change form in water, swift swim
a: no special abilities


You were on level 1 of the Dungeon.
You were not hungry.

You visited 1 branch of the dungeon, and saw 2 of its levels.

You collected 28 gold pieces.

Inventory:

Hand Weapons
 a - a +0 falchion (weapon)
Armour
 i - a +0 ring mail (worn)
Jewellery
 b - a +2 ring of dexterity (left hand)
Scrolls
 e - 2 scrolls of identify {unknown}
 h - 2 scrolls of remove curse {unknown}
 j - a scroll of amnesia {unknown}
Potions
 g - a potion of cancellation {unknown}
 k - a potion of beneficial mutation {unknown}
 l - a potion of berserk rage {unknown}
 m - a potion of might {unknown}
Books
 c - a book of Battle

   Spells                             Type                      Level
   a - Infusion                       Charms                       1
   b - Shroud of Golubria             Charms/Translocation         2
   c - Song of Slaying                Charms                       2
   d - Spectral Weapon                Hexes/Charms                 3
   e - Regeneration                   Charms/Necromancy            3
Comestibles
 d - a bread ration
 f - 4 meat rations


   Skills:
 + Level 2.3 Fighting
 + Level 2.5 Long Blades
 + Level 1.0 Armour
 + Level 2.1 Dodging
 + Level 2.1 Spellcasting
 + Level 4.1 Charms


You had one spell level left.
You knew the following spells:

 Your Spells              Type           Power        Failure   Level  Hunger
a - Infusion              Chrm           ##..         12%         1    ##.....
b - Shroud of Golubria    Chrm/Tloc      #.........   38%         2    ###....
c - Song of Slaying       Chrm           ##......     17%         2    ###....


Dungeon Overview and Level Annotations

Branches:
Dungeon (2/15)

Altars:


Message History

Your shroud bends the adder's attack away.
The adder bites you but does no damage.
You hit the adder.
The adder is heavily wounded.
The adder barely misses you.
You closely miss the adder.
The adder is heavily wounded.
Your shroud begins to fray at the edges.
* * * LOW HITPOINT WARNING * * *
You feel sick. The adder misses you. The adder bites you but does no damage.
You hit the adder.
You kill the adder!
Your Armour skill increases to level 1!
Your Dodging skill increases to level 2!
You hit the hobgoblin but do no damage. The hobgoblin hits you with a club.
* * * LOW HITPOINT WARNING * * *
Your shroud falls apart!
You hit the hobgoblin.
The hobgoblin is moderately wounded.
You die...

##..###..# #)#......#########
#...##...####.###...###.......
#.#..#.#......# #.### #.......
#.##......##### #.# #.......
###.####.#.## #.# ##.......
##...####...# #.####........
#....#......## #####.##..........
#.#....##....###.........#.......
..#...##.......g@#.÷##...........
.##.......#...†###.#.............
####......##...>#............####
# #......###..........#...###
#.#......#.............##
#.#....................#
#.#.....#####..........#
###...#..................#
#....##.#......#.....#####


You could see a hobgoblin.

Vanquished Creatures
  An adder (D:1)
  An ooze (D:1)
  A dart slug (D:1)
  A giant gecko (D:1)
  4 giant cockroaches (D:1)
  3 goblins (D:1)
  2 hobgoblins (D:1)
  3 jackals (D:1)
  A ball python (D:1)
  2 bats (D:1)
  A giant newt (D:1)
  2 kobolds (D:1)
  2 rats (D:1)
24 creatures vanquished.

Vanquished Creatures (others)
  A goblin (D:1)
1 creature vanquished.

Grand Total: 25 creatures vanquished

Notes
Turn   | Place    | Note
--------------------------------------------------------------
     0 | D:1      | Bubs the Merfolk Skald began the quest for the Orb.
     0 | D:1      | Reached XP level 1. HP: 16/16 MP: 3/3
    83 | D:1      | Reached XP level 2. HP: 19/22 MP: 3/5
    91 | D:1      | Learned a level 2 spell: Shroud of Golubria
   324 | D:1      | Reached skill level 4 in Charms
   592 | D:1      | Reached XP level 3. HP: 26/28 MP: 1/6
   722 | D:1      | Learned a level 2 spell: Song of Slaying
   744 | D:1      | Reached skill level 1 in Armour
   745 | D:1      | HP: 1/28 [hobgoblin/club (2)]
   746 | D:1      | Succumbed to an adder's poison

Vault maps used:
D:1:      minmay_arrival_checkered_box, lemuel_flame_loot_1
D:2:      grunt_pakellas_salt, trog_three_pillars_becter

Skill      XL: |  1  2  3 |
---------------+----------+-----
Charms         | 4 |  4.1
Armour         | 1 |  1.0
Dodging        | 2 |  2.1
Fighting       | |  2.3
Long Blades    | |  2.5
Spellcasting   | |  2.1

Action                   || total
-------------------------++-------
Melee: Falchion          ||    88
 Cast: Infusion          ||     4
       Shroud of Golubri ||     2
